 Dungeon Crawl Stone Soup version 0.26.0-45-g9c1d065592 (webtiles) character file.

Game seed: 14306080000900712867

254 kaeus the Sneak (level 6, 0/36 HPs)
             Began as an Octopode Enchanter on Jan 29, 2021.
             Killed by nerve-wracking pain
             ... invoked by an orc priest
              (14 damage)
             ... on level 4 of the Dungeon.
             The game lasted 00:02:48 (2673 turns).

kaeus the Sneak (Octopode Enchanter)                Turns: 2673, Time: 00:02:48

Health: 0/36       AC:  1    Str:  8    XL:     6   Next: 15%
Magic:  19/19      EV: 14    Int: 17    God:
Gold:   255        SH:  0    Dex: 14    Spells: 9/10 levels left

rFire    . . .     SeeInvis .   a - +1 dagger
rCold    + . .     Faith    .   (no shield)
rNeg     . . .     Spirit   .   (helmet restricted)
rPois    +         Reflect  .   (no amulet)
rElec    .         Harm     .   m - ring of magical power
rCorr    .         Rampage  .   k - ring of protection from cold
Will     .....                  o - ring of poison resistance
Stlth    ++++......             (no ring)
HPRegen  0.12/turn              (no ring)
MPRegen  0.16/turn              (no ring)
                                (no ring)
                                (no ring)

@: no status effects
A: almost no armour, stealthy swim, amphibious, 8 rings, constrict 8, camouflage
1, gelatinous body 1
a: no special abilities


You were on level 4 of the Dungeon.
You visited 1 branch of the dungeon, and saw 4 of its levels.

You collected 255 gold pieces.

Inventory:

Hand Weapons
 a - a +1 dagger (weapon)
Missiles
 i - 19 poisoned darts
Jewellery
 k - a ring of protection from cold (right tentacle)
 m - a ring of magical power (left tentacle)
 o - a ring of poison resistance (on tentacle)
Scrolls
 b - 3 scrolls of remove curse {unknown}
 c - 2 scrolls of random uselessness {unknown}
 g - a scroll of enchant weapon {unknown}
 j - 3 scrolls of teleportation {unknown}
 l - 2 scrolls of identify {unknown}
 n - a scroll of fog {unknown}
Potions
 d - a potion of brilliance {unknown}
 e - a potion of might {unknown}
 f - a potion of mutation {unknown}
 h - a potion of lignification {unknown}
 p - a potion of curing


   Skills:
 + Level 2.4 Short Blades
 + Level 3.0 Dodging
 * Level 6.5 Stealth
 + Level 2.9 Spellcasting
 + Level 3.7 Hexes


You had 9 spell levels left.
You knew the following spells:

 Your Spells              Type           Power        Failure   Level
a - Corona                Hex            16%          3%          1

Your spell library contained the following spells:

 Spells                   Type           Power        Failure   Level
 Confusing Touch          Hex            15%          11%         3
 Tukima's Dance           Hex            15%          11%         3
 Ensorcelled Hibernation  Hex/Ice        16%          12%         2
 Dazzling Flash           Conj/Hex       16%          24%         3


Dungeon Overview and Level Annotations

Branches:
Dungeon (4/15)
 Temple: D:4-7

Altars:
Cheibriados
Vehumet

Annotations:
D:3 1 runed translucent door, kaeus's ghost, amateur OpMo


Innate Abilities, Weirdness & Mutations

You cannot wear most types of armour.
You are very stealthy in the water. (Stealth+)
You are amphibious.
You can wear up to eight rings at the same time.
You can use your tentacles to constrict eight enemies at once.
Your skin changes colour to match your surroundings (Stealth+).
Your rubbery body absorbs attacks. (AC +1, EV +1)


Message History

You squeeze the orc priest, but do no damage.
The orc priest is moderately wounded.
You constrict the orc priest, but do no damage.
The orc priest hits you with a +0 whip!
You take 9 damage, and have 17/36 hp.
MASSIVE DAMAGE!!
You hit the orc priest. You squeeze the orc priest.
The orc priest is heavily wounded.
You constrict the orc priest, but do no damage.
The orc priest hits you with a +0 whip.
You take 3 damage, and have 14/36 hp.
You completely miss the orc priest.
The orc priest is heavily wounded.
You constrict the orc priest, but do no damage.
The orc priest misses you.
You hit the orc priest but do no damage.
The orc priest is heavily wounded.
You constrict the orc priest.
The orc priest invokes the aid of Beogh against you.
Pain shoots through your body!
You die...

#.# ## ##.## #### ...P. . ...
..# .... # #.# ####.## ...##
. #####.###.....## P.PP#..
..............># .......
#####.###......# .P. ...#
.$....# #......##.#..P..###
####..# ####.#.o@....#.....
##.# #.#.#####.##.#.# #.##
#.#.#####.##.#.# #..#
#.#.#........#.####### ##.#
#.#.#................. #.#
#.#.#........#.####### #.##
#.#.#........#.# #..#
#............#.#
####.####............#.######


You could see an orc priest.

Vanquished Creatures
  A hound (D:4)
  2 orc priests (D:3)
  A bullfrog skeleton (D:4)
  Terence (D:3)
  4 adders
  A worm (D:4)
  9 orcs
  2 ball pythons (D:2)
  5 bats
  6 goblins
  8 hobgoblins
  6 jackals
  11 kobolds
  2 quokkas
  4 frilled lizards
  7 rats
70 creatures vanquished.

Notes
Turn   | Place    | Note
-------+----------+-------------------------------------------
     0 | D:1      | kaeus the Octopode Enchanter began the quest for the Orb.
     0 | D:1      | Reached XP level 1. HP: 11/11 MP: 3/3
   237 | D:1      | Reached XP level 2. HP: 17/17 MP: 5/5
   597 | D:1      | Reached XP level 3. HP: 18/21 MP: 6/6
  1309 | D:2      | Found a radiant altar of Vehumet.
  1327 | D:2      | Reached skill level 5 in Stealth
  1330 | D:2      | Reached XP level 4. HP: 22/27 MP: 7/7
  1790 | D:3      | Found a runed translucent door.
  2062 | D:3      | Noticed Terence
  2069 | D:3      | Reached XP level 5. HP: 25/31 MP: 8/8
  2090 | D:3      | Killed Terence
  2110 | D:3      | Reached skill level 6 in Stealth
  2241 | D:3      | Noticed kaeus's ghost (amateur OpMo)
  2562 | D:4      | Found a snail-covered altar of Cheibriados.
  2608 | D:4      | Reached XP level 6. HP: 35/36 MP: 10/10
  2673 | D:4      | Killed from afar by an orc priest

Illustrated notes

Levels and vault maps discovered:
D:1:      heliophobic_arrival_henge, layout_loops_ring,
          chequers_serial_rivers_micro_d, grunt_decor_mini_mirrors
D:2:      layout_rooms, old_standard_altar
D:3:      layout_loops_ring, ebering_ghost_reflecting_pool, uniq_terence
D:4:      layout_basic, nicolae_overflow_hidden_temple,
          kiku_gazebo_garden_becter, saegor_snake_ambush

Skill      XL: |  1  2  3  4  5 |
---------------+----------------+-----
Stealth        | 5 6 |  6.5
Short Blades   | 2 |  2.4
Dodging        | 3 |  3.0
Spellcasting   | |  2.9
Hexes          | |  3.7

Action                   |  1- 3 |  4- 6 || total
-------------------------+-------+-------++-------
Melee: Dagger            |    63 |   103 ||   166
       Tentacles         |    15 |    16 ||    31
       Constrict         |    12 |    19 ||    31
  Use: Potion            |     1 |     3 ||     4
 Stab: Sleeping          |    17 |    11 ||    28
       Distracted        |       |     2 ||     2
Armor: Skin              |     7 |     2 ||     9
Dodge: Dodged            |    25 |    51 ||    76
